 Dungeon Crawl Stone Soup version 0.24.0-13-gcf9b319 (webtiles) character file.

Game seed: 9927018869740493746, levelgen mode: deterministic

7045 Fang the Fighter (level 11, -10/108 HPs)
             Began as a Gargoyle Berserker on Nov 19, 2019.
             Was an Elder of Trog.
             Mangled by a death yak (14 damage)
             ... on level 8 of the Dungeon.
             The game lasted 00:10:02 (8431 turns).

Fang the Fighter (Gargoyle Berserker)               Turns: 8431, Time: 00:10:03

Health: -10/108    AC: 25    Str: 28    XL:     11   Next: 9%
Magic:  11/11      EV: 10    Int:  9    God:    Trog [****..]
Gold:   444        SH:  0    Dex:  9    Spells: 10/10 levels left

rFire    . . .     SeeInvis .   a - +0 war axe
rCold    . . .     Gourm    .   (no shield)
rNeg     + . .     Faith    .   b - +0 plate armour
rPois    ∞         Spirit   .   (no helmet)
rElec    +         Reflect  .   G - +2 cloak
rCorr    .         Harm     .   (no gloves)
MR       .....                  (no boots)
Stlth    ..........             (no amulet)
HPRegen  0.28/turn              x - ring of attention (curse)
MPRegen  0.12/turn              (no ring)

@: berserking, very quick
A: negative energy resistance 1, electricity resistance, unbreathing,
petrification resistance, rot immunity, AC +8
a: Berserk, Trog's Hand, Brothers in Arms, Renounce Religion


You were on level 8 of the Dungeon.
You worshipped Trog.
Trog was greatly pleased with you.
You were very hungry.

You visited 2 branches of the dungeon, and saw 9 of its levels.
You also visited: Bailey.

You collected 444 gold pieces.

Inventory:

Hand Weapons
 a - a +0 war axe (weapon)
Armour
 b - a +0 plate armour (worn)
 G - a +2 cloak (worn)
Jewellery
 x - a cursed ring of attention (left hand)
 E - an uncursed ring of stealth {unknown}
 F - an uncursed ring of fire {unknown}
Wands
 q - a wand of polymorph (5)
 H - a wand of iceblast (12)
Scrolls
 d - 6 scrolls of identify {unknown}
 e - 2 scrolls of enchant armour {unknown}
 i - 6 scrolls of teleportation {unknown}
 j - 5 scrolls of remove curse {unknown}
 k - 4 scrolls of magic mapping {unknown}
 o - a scroll of fear {unknown}
 p - a scroll of fog {unknown}
 y - a scroll of random uselessness {unknown}
 z - a scroll of acquirement {unknown}
 B - a scroll of immolation {unknown}
 C - a scroll of amnesia {unknown}
 D - a scroll of enchant weapon {unknown}
Potions
 f - 2 potions of magic {unknown}
 g - 2 potions of cancellation {unknown}
 h - 3 potions of agility {unknown}
 l - a potion of mutation {unknown}
 m - 2 potions of brilliance {unknown}
 n - 2 potions of haste
 r - 3 potions of heal wounds {unknown}
 s - a potion of berserk rage {unknown}
 t - a potion of resistance {unknown}
 u - 6 potions of curing {unknown}
 v - 2 potions of lignification {unknown}
 w - 3 potions of flight {unknown}
 A - a potion of invisibility {unknown}
Comestibles
 c - 9 rations


   Skills:
 + Level 9.7 Fighting
 + Level 8.2 Axes
 + Level 9.4 Armour
 + Level 7.2 Dodging


You had 10 spell levels left.
You didn't know any spells.
Your spell library was empty.

Dungeon Overview and Level Annotations

Branches:
Dungeon (8/15)             Temple (1/1) D:7            Lair (0/6) D:8
 Bailey (visited)

Altars:
Elyvilon
Fedhas
Gozag
Qazlal
Ru

Shops:
D:5 (   D:6 :   D:7 **

Annotations:
D:7 3 runed translucent doors


Innate Abilities, Weirdness & Mutations

You are resistant to torment.
Your stone body is resilient. (AC +8)
You are immune to poison.
You resist negative energy. (rN+)
You are resistant to electric shocks. (rElec)
You can survive without breathing.
You are immune to petrification.
You are immune to rotting.


Message History

The death yak is almost dead.
You slash the two-headed ogre!
You kill the two-headed ogre!
Trog accepts your kill.
You have reached level 11!
You hit the basilisk.
The death yak gores you but does no damage.
You hit the death yak.
The death yak is almost dead.
You barely miss the crocodile. You slice the basilisk!!
You feel the power of Trog in you as your rage grows.
You kill the basilisk!
Trog accepts your kill.
The howler monkey hoots and howls with incredible vigour!
Your plate armour prevents you from hitting the death yak.
The death yak is almost dead.
You slash the crocodile!
An orc comes into view. It is wielding a +0 spear.
The death yak gores you!
You die...

#### # #.. ..
##### #.# ##...
##
#...#####.##.....
.#
#.#.......#....ho
.#
#...#####.t.P....
.# ##.##
#@Y..)..> .# #.#
#.†..P...
.########.####
#.#......
.............#
#.##.....
############.#
#.# ##... .....
#.. . ##.# .####
# ... .... #..#


You could see a death yak, a crocodile, a howler monkey and an orc (wandering).

Vanquished Creatures
  Harold (D:8)
  A two-headed ogre (D:8)
  A kobold demonologist (D:8)
  A gargoyle (D:7)
  A troll (D:7)
  3 hippogriffs
  A wraith (D:7)
  A wyvern (D:7)
  Eustachio (D:4)
  A basilisk (D:8)
  A hungry ghost (D:5)
  Menkaure (D:7)
  An orc warrior (D:7)
  A phantom (D:8)
  3 sky beasts
  3 ogres
  4 centaurs
  10 big kobolds
  8 bullfrogs
  A wight (D:7)
  2 howler monkeys
  4 crimson imps
  2 bullfrog zombies (D:5)
  A quasit (D:6)
  5 hounds
  A jelly (D:8)
  3 orc priests
  4 orc wizards
  2 bullfrog skeletons (D:8)
  Crazy Yiuf (D:7)
  Natasha (thrice) (D:2)
  4 iguanas
  2 worker ants (D:6)
  A killer bee zombie (D:7)
  2 hound skeletons (D:7)
  6 adders
  2 howler monkey skeletons
  7 gnolls
  4 shadow imps
  An ooze (D:1)
  An adder zombie (D:8)
  3 worms
  A dart slug (D:1)
  7 leopard geckos
  17 orcs
  3 ball pythons
  3 bats (D:2)
  5 giant cockroaches
  12 goblins
  4 hobgoblins
  5 jackals
  17 kobolds
  3 quokkas
  3 frilled lizards
  A jackal skeleton (D:4)
  5 rats (D:2)
192 creatures vanquished.

Notes
Turn   | Place    | Note
-------+----------+-------------------------------------------
     0 | D:1      | Fang the Gargoyle Berserker began the quest for the Orb.
     0 | D:1      | Reached XP level 1. HP: 14/14 MP: 1/1
   342 | D:1      | Reached XP level 2. HP: 19/19 MP: 2/2
   493 | D:1      | Reached XP level 3. HP: 11/23 MP: 3/3
   839 | D:2      | Reached * piety under Trog
  1212 | D:2      | Reached XP level 4. HP: 6/29 MP: 4/4
  1381 | D:2      | Noticed Natasha
  1390 | D:2      | Killed Natasha
  1726 | D:2      | Noticed Natasha
  1737 | D:2      | Killed Natasha
  1814 | D:2      | Noticed Natasha
  1820 | D:2      | Killed Natasha
  1820 | D:2      | Reached XP level 5. HP: 22/33 MP: 5/5
  2239 | D:3      | Found a white marble altar of Elyvilon.
  2654 | D:4      | Reached XP level 6. HP: 29/39 MP: 6/6
  2870 | D:4      | Noticed Eustachio
  2883 | D:4      | Killed Eustachio
  2883 | D:4      | Reached ** piety under Trog
  2920 | D:4      | Reached skill level 5 in Fighting
  2934 | D:4      | Reached XP level 7. HP: 25/44 MP: 7/7
  3452 | D:5      | Entered Level 5 of the Dungeon
  3494 | D:5      | Noticed a water elemental
  3496 | D:5      | Found a stormy altar of Qazlal.
  3497 | D:5      | Noticed a fire elemental
  3497 | D:5      | Noticed an air elemental
  3626 | D:5      | Noticed a hungry ghost
  3651 | D:5      | Paralysed by fainting for 8 turns
  3661 | D:5      | Killed a hungry ghost
  3670 | D:5      | Found a sacrificial altar of Ru.
  3680 | D:5      | Reached skill level 5 in Armour
  3758 | D:5      | Found Abreopp's Weapon Shop.
  3865 | D:5      | Reached XP level 8. HP: 50/51 MP: 8/8
  4175 | D:5      | Reached skill level 5 in Axes
  4409 | D:6      | Found a blossoming altar of Fedhas.
  4676 | D:6      | Found Zaemissel's Book Shop.
  5099 | D:7      | Noticed a hippogriff
  5111 | D:7      | Killed a hippogriff
  5132 | D:7      | Found Ziaf's Assorted Antiques.
  5139 | D:7      | Found a staircase to the Ecumenical Temple.
  5142 | D:7      | Noticed a hippogriff
  5153 | D:7      | Killed a hippogriff
  5153 | D:7      | Reached skill level 5 in Dodging
  5153 | D:7      | Reached XP level 9. HP: 43/57 MP: 9/9
  5161 | Temple   | Entered the Ecumenical Temple
  5311 | D:7      | Found a runed translucent door.
  5354 | D:7      | Found Gozag's Platinum Reserve.
  5374 | D:7      | Noticed a troll
  5387 | D:7      | Killed a troll
  5620 | D:7      | Noticed a gargoyle
  5633 | D:7      | Killed a gargoyle
  5687 | D:7      | Found a runed translucent door.
  5819 | D:7      | Found a runed translucent door.
  5875 | D:7      | Reached *** piety under Trog
  6052 | D:7      | Found a runed translucent door.
  6053 | D:7      | Found a runed translucent door.
  6184 | D:7      | Reached XP level 10. HP: 49/64 MP: 10/10
  6480 | D:7      | Found a runed translucent door.
  6481 | D:7      | Noticed Crazy Yiuf
  6673 | D:7      | Noticed Menkaure
  6676 | D:7      | Found an opulent altar of Gozag.
  6678 | D:7      | Killed Menkaure
  6678 | D:7      | Received a gift from Trog
  6985 | D:7      | Killed Crazy Yiuf
  7065 | D:8      | Found a flagged portal.
  7085 | Bailey   | Entered a bailey
  7090 | Bailey   | Noticed an orc warlord
  7185 | D:8      | Noticed Harold
  7206 | D:8      | Killed Harold
  7461 | D:8      | HP: 4/99 [orc priest/divine providence (14)]
  7783 | D:8      | Noticed a kobold demonologist
  7799 | D:8      | Killed a kobold demonologist
  7813 | D:8      | Reached **** piety under Trog
  8414 | D:8      | Noticed a death yak
  8415 | D:8      | Found a staircase to the Lair.
  8415 | D:8      | Noticed a two-headed ogre
  8428 | D:8      | HP: 3/99 [two-headed ogre/+0 giant club (3)]
  8429 | D:8      | Killed a two-headed ogre
  8429 | D:8      | Reached XP level 11. HP: 3/72 MP: 11/11
  8431 | D:8      | Mangled by a death yak

Levels and vault maps discovered:
D:1:      onia_arrival_pyramid, layout_rooms
D:2:      layout_rooms, uniq_natasha
D:3:      layout_rooms, elyvilon_altar_3
D:4:      layout_cave_pools, uniq_eustachio
D:5:      layout_gridville, hangedman_ru_absence,
          nicolae_qazlal_style_of_elements, first_ration, serial_shops, shop
D:6:      layout_loops_ring, serial_shops, nicolae_shop_waterfront,
          fedhas_ov_isle_minmay
D:7:      minmay_the_grid_four_pointed_star
          [minmay_the_grid_triangle_9x9_fully_insulated_deathbox,
          minmay_the_grid_triangle_9x9_descending_squares,
          minmay_the_grid_triangle_9x9_tough_junction,
          minmay_the_grid_triangle_9x9_intruding_spiral,
          minmay_the_grid_prize_trominoes], layout_basic,
          minmay_temple_entry_sparse_star, serial_shops, shop,
          nicolae_gozag_zags_fifth_avenue, uniq_menkaure,
          uniq_crazy_yiuf_cottage
D:8:      layout_loops_ring, david_lair_generic, enter_bailey_3, special_room
          [special_room_kobold], uniq_harold
Temple:   eino_temple_water

Skill      XL: |  1  2  3  4  5  6  7  8  9 10 |
---------------+-------------------------------+-----
Dodging        | 2 3 5 6 7 |  7.2
Axes           | 3 4 5 6 8 |  8.2
Fighting       | 4 5 7 8 9 |  9.7
Armour         | 3 4 5 6 7 9 |  9.4

Action                   |  1- 3 |  4- 6 |  7- 9 | 10-12 || total
-------------------------+-------+-------+-------+-------++-------
Melee: Hand axe          |   109 |   108 |    10 |       ||   227
       Unarmed           |       |     4 |       |       ||     4
       War axe           |       |       |   355 |   257 ||   612
Invok: Berserk           |       |     3 |     5 |     3 ||    11
       Trog's Hand       |       |     1 |       |       ||     1
  Eat: Chunk             |     1 |     6 |    17 |    10 ||    34
       Ration            |       |     1 |     1 |       ||     2
Armor: Animal skin       |    36 |    47 |     4 |       ||    87
       Skin              |       |     1 |       |       ||     1
       Plate armour      |       |       |   395 |   226 ||   621
Dodge: Dodged            |   107 |   109 |   235 |   158 ||   609
